 Seeded DCSS version 0.30-a0-748-ge6a52f7cba (webtiles) character file.

Game seed: 5430720872467839093 (custom seed)

1111 purpskrrrp the Grasshopper (level 8, -24/68 HPs)
             Began as a Troll Warper on Feb 8, 2023.
             Was a Follower of Wu Jian.
             Annihilated by a two-headed ogre
             ... wielding a +0 giant spiked club
              (29 damage)
             ... on level 5 of the Dungeon.
             The game lasted 00:10:26 (3462 turns).

purpskrrrp the Grasshopper (Troll Warper)           Turns: 3462, Time: 00:10:26

Health: -24/68     AC:  4    Str: 26    XL:     8   Next: 11%
Magic:  1/10       EV:  8    Int: 21    God:    Wu Jian [*.....]
Gold:   697        SH: 11    Dex:  9    Spells: 5/11 levels left

rFire   . . .      SeeInvis .      - Unarmed
rCold   x . .      Faith    .    d - +4 kite shield of the Boiling Point {Int+4}
rNeg    . . .      Spirit   .    s - +0 animal skin of Inaction {Regen+}
rPois   .          Reflect  .    (helmet restricted)
rElec   .          Harm     .    (no cloak)
rCorr   .          Rampage  .    (gloves unavailable)
Will    .....                    (boots unavailable)
Stlth   +                        (no amulet)
HPRegen 1.91/turn                l - +6 ring of strength
MPRegen 0.12/turn                n - +6 ring of intelligence

@: studying Fighting
A: large, unfitting armour, claws 3, regeneration 1, shaggy fur 1, tough skin 1,
horns 1, talons 1, frail 1, cold vulnerability 1, MP-powered wands
a: Renounce Religion


You were on level 5 of the Dungeon.
You worshipped Wu Jian.
Wu Jian was aware of your devotion.
You visited 2 branches of the dungeon, and saw 6 of its levels.

You collected 1124 gold pieces.
You spent 427 gold pieces at shops.

Inventory:

Missiles
 c - 7 boomerangs of dispersal
 h - a throwing net
 u - 5 poisoned darts
Armour
 d - the +4 kite shield of the Boiling Point (worn) {Int+4}
   (You acquired it on level 2 of the Dungeon)

   Int:       It affects your intelligence (+4).
 s - the +0 animal skin of Inaction (worn) {Regen+}
   (You acquired it on level 2 of the Dungeon)

   Regen:     It increases your rate of health regeneration.
Jewellery
 l - a +6 ring of strength (left claw)
 n - a +6 ring of intelligence (right claw)
 o - a ring of protection from cold
 B - a ring of positive energy
Wands
 x - a wand of mindburst (21)
 A - a wand of roots (3)
Scrolls
 a - a scroll of poison {unknown}
 b - 3 scrolls of blinking
 e - a scroll of torment {unknown}
 g - 4 scrolls of identify
 j - 2 scrolls of noise {unknown}
 k - 3 scrolls of teleportation {unknown}
 m - a scroll of brand weapon {unknown}
 p - a scroll of fog {unknown}
 q - a scroll of immolation {unknown}
 r - 4 scrolls of enchant armour
 t - a scroll of fear
 y - a scroll of silence {unknown}
 C - a scroll of butterflies {unknown}
 D - a scroll of magic mapping {unknown}
Potions
 f - a potion of degeneration {unknown}
 v - 2 potions of berserk rage {unknown}
 w - 2 potions of lignification {unknown}
 z - a potion of ambrosia {unknown}
 E - a potion of magic {unknown}
 F - a potion of resistance {unknown}


   Skills:
 + Level 3.6 Fighting
 - Level 0.8 Throwing
 - Level 1.9 Dodging
 + Level 1.8 Shields
 + Level 3.1 Unarmed Combat
 + Level 2.0 Spellcasting
 * Level 6.5 Translocations


You had 5 spell levels left.
You knew the following spells:

 Your Spells              Type           Power      Damage    Failure   Level
a - Blink                 Tloc           58%        N/A       3%          2
b - Manifold Assault      Tloc           29%        N/A       24%         4

Your spell library contained the following spells:

 Spells                   Type           Power      Damage    Failure   Level
 Lesser Beckoning         Tloc           58%        N/A       3%          2
 Teleport Other           Tloc           29%        N/A       8%          3
 Vhi's Electric Charge    Tloc/Air       30%        N/A       28%         3
 Static Discharge         Conj/Air       4%         2-3/arc   50%         2
 Arcjolt                  Conj/Air       1%         1d11      100%        5
 Lightning Bolt           Conj/Air       1%         1d12      100%        5


Dungeon Overview and Level Annotations

Branches:
Dungeon (5/15)             Temple (1/1) D:4

Altars:
Cheibriados
Okawaru
Ru
Sif Muna
Wu Jian
Yredelemnul

Shops:
D:2 ?


Innate Abilities, Weirdness & Mutations

You are too large for most types of armour.
You have claws for hands.
Your natural rate of healing is unusually fast.
You are covered in fur. (AC +1)
You have tough skin. (AC +1)
You have a pair of small horns on your head.
You have sharp toenails.
You are frail. (-10% HP)
You are vulnerable to cold. (rC-)
You expend magic power (3 MP) to strengthen your wands.


Message History

The ufetubus hits you.
You feel sick.
You feel sick.
You are no longer poisoned.
Aiming: Fastroot
Press: ? - help, Shift-Dir - straight line, f - two-headed ogre
Aim: a two-headed ogre, wielding a +0 giant spiked club and a +0 giant club (severely wounded)
You feel a surge of power!
The roots erupt in riotous growth!
Roots grab the two-headed ogre.
Roots grab the ufetubus.
Roots grab the adder.
The grasping roots constrict the two-headed ogre.
The grasping roots constrict the adder.
The grasping roots constrict the ufetubus.
The adder struggles to escape constriction.
The two-headed ogre struggles to escape constriction.
Aiming: Fastroot
Press: ? - help, Shift-Dir - straight line, f/p - two-headed ogre
Aim: a two-headed ogre, wielding a +0 giant spiked club and a +0 giant club (severely wounded, constricted by roots)
You feel a surge of power!
The roots erupt in riotous growth!
The two-headed ogre is unaffected.
The ufetubus is unaffected.
The adder is unaffected.
The grasping roots constrict the two-headed ogre.
The grasping roots constrict the adder!
You kill the adder!
The Council accepts your kill.
The grasping roots constrict the ufetubus!
You kill the ufetubus!
The Council accepts your kill.
The roots release their grip on the two-headed ogre.
Aiming: Mindburst
Press: ? - help, Shift-Dir - straight line, f/p - two-headed ogre
Aim: a two-headed ogre, wielding a +0 giant spiked club and a +0 giant club (almost dead, chance to affect: 54%)
You feel a slight surge of power.
The two-headed ogre resists with significant effort.
You claw the two-headed ogre!
The two-headed ogre is almost dead.
The two-headed ogre hits you with a +0 giant spiked club!!
* * * LOW HITPOINT WARNING * * *
The two-headed ogre hits you with a +0 giant club!!
You die...

# #.# .## #.# #.##.##### ..
#.# #. #......... .. ..#
#.######.##### .##.#
...........# ...#
.#...##.#.## #.<.... #..#.#
+.........# #...... #..#.#
#.....#...# #...... #.@#.#
#.....#...# .......
#.O#.######..#...# .......
##.†.........##.## #......
#.#.#####...##.###
.......###...#####...##.##.
. ......†...........>(.#
.##. .#.#
.....#.#...#.#####...# #.
...#...#..#.###.#.# #...#
#. .!.#......#.
..#.#####...##.##.


You could see a two-headed ogre.

Vanquished Creatures
  The ghost of baller8008 the Conjurer, an amateur DECj of Dithmenos (D:4)
  An ice beast (D:5)
  Blork the orc (D:4)
  A bullfrog (D:4)
  2 scorpions
  A necrophage (D:2)
  2 orc priests
  A hound (D:5)
  2 iguanas
  5 orc wizards
  12 gnolls
  7 adders
  A white imp (D:4)
  An ufetubus (D:5)
  3 worms (D:4)
  A dart slug (D:4)
  8 orcs
  3 bats
  8 endoplasms
  3 giant cockroaches
  4 goblins
  7 hobgoblins
  7 jackals
  6 kobolds
  5 quokkas
  8 ball pythons
  2 frilled lizards
  3 rats
106 creatures vanquished.

Notes
Turn   | Place    | Note
-------+----------+-------------------------------------------
     0 | D:1      | purpskrrrp the Troll Warper began the quest for the Orb.
     0 | D:1      | Reached XP level 1. HP: 19/19 MP: 1/1
   128 | D:1      | Reached XP level 2. HP: 25/27 MP: 2/2
   412 | D:1      | Learned a level 2 spell: Blink
   548 | D:1      | Reached skill level 3 in Translocations
   926 | D:2      | Reached XP level 3. HP: 32/33 MP: 3/3
  1052 | D:2      | Noticed a necrophage
  1059 | D:2      | Killed a necrophage
  1060 | D:2      | Reached skill level 4 in Translocations
  1060 | D:2      | Reached XP level 4. HP: 34/41 MP: 4/4
  1412 | D:2      | Found Doddoiw's Magic Scroll Shoppe.
  1428 | D:2      | Gained mutation: You are frail. (-10% HP) [potion of
                  | mutation]
  1428 | D:2      | Gained mutation: You are vulnerable to cold. (rC-) [potion
                  | of mutation]
  1428 | D:2      | Gained mutation: You have hidden genetic potential. [potion
                  | of mutation]
  1428 | D:2      | Gained mutation: You have a pair of small horns on your
                  | head. [potion of mutation]
  1429 | D:2      | Identified 4 scrolls of acquirement
  1429 | D:2      | Acquired the +4 kite shield of the Boiling Point {Int+4}
  1435 | D:2      | Acquired 955 gold pieces
  1437 | D:2      | Acquired the +0 animal skin of Inaction {Regen+}
  1448 | D:2      | Acquired a +6 ring of intelligence
  1460 | D:2      | Bought a scroll of identify for 28 gold pieces
  1460 | D:2      | Bought a scroll of enchant armour for 105 gold pieces
  1460 | D:2      | Bought a scroll of enchant armour for 105 gold pieces
  1460 | D:2      | Bought a scroll of identify for 28 gold pieces
  1460 | D:2      | Bought a scroll of fear for 56 gold pieces
  1460 | D:2      | Bought a scroll of blinking for 105 gold pieces
  1527 | D:3      | Found a faded altar of an unknown god.
  1654 | D:3      | Reached XP level 5. HP: 28/43 MP: 5/5
  1730 | D:3      | Gained mutation: You expend magic power (3 MP) to
                  | strengthen your wands. [hidden potential]
  1761 | D:3      | Identified the +3 short sword of the Manifold Quests
                  | {flame, rElec Int+5}
  1786 | D:3      | Reached skill level 5 in Translocations
  1890 | D:3      | Found an iron altar of Okawaru.
  1913 | D:3      | Reached XP level 6. HP: 47/49 MP: 6/6
  1974 | D:3      | Identified the +2 robe of Binutifa {rPois Dex+5}
  2161 | D:4      | Found a runed translucent door.
  2166 | D:4      | Noticed baller8008's ghost (amateur DECj)
  2172 | D:4      | Found a staircase to the Ecumenical Temple.
  2184 | Temple   | Entered the Ecumenical Temple
  2219 | Temple   | Became a worshipper of the Wu Jian Council
  2225 | Temple   | Learned a level 4 spell: Manifold Assault
  2302 | D:4      | Gained mutation: You have sharp toenails. [hidden
                  | potential]
  2302 | D:4      | Lost mutation: You have hidden genetic potential. [hidden
                  | potential expressed]
  2515 | D:4      | Reached * piety under Wu Jian
  2579 | D:4      | Noticed Blork the orc
  2585 | D:4      | Killed Blork the orc
  2586 | D:4      | Reached XP level 7. HP: 49/58 MP: 6/8
  2594 | D:4      | Reached skill level 6 in Translocations
  3024 | D:4      | Killed baller8008's ghost
  3025 | D:4      | Reached skill level 1 in Shields
  3080 | D:5      | Entered Level 5 of the Dungeon
  3333 | D:5      | Reached XP level 8. HP: 58/67 MP: 9/9
  3437 | D:5      | Noticed a two-headed ogre
  3462 | D:5      | Annihilated by a two-headed ogre

Illustrated notes

Levels and vault maps discovered:
D:1:      dpeg_arrival_boxes_within_box, layout_basic
D:2:      layout_loops_ring, serial_shops, shop, nicolae_kite_square_tiling_tiny
D:3:      layout_rooms, okawaru_metal_pillars_3, ebering_ecumenical_altar_rust
D:4:      layout_basic, minmay_temple_entry_overgrown, ebering_ghost_sewer_d,
          minmay_manual_monstrance, uniq_blork_the_orc
D:5:      layout_basic, uniq_duvessa
Temple:   oiseaux_autumnal_temple

Skill      XL: |  1  2  3  4  5  6  7  8 |
---------------+-------------------------+-----
Translocations | 3 4 5 6 |  6.5
Fighting       | 2 3 |  3.6
Shields        | 1 |  1.8
Unarmed Combat | 3 |  3.1
Spellcasting   | 2 |  2.0
Throwing       | |  0.8
Dodging        | |  1.9

Action                     |  1- 3 |  4- 6 |  7- 9 || total
---------------------------+-------+-------+-------++-------
  Melee: Unarmed           |    88 |   175 |    92 ||   355
         Punch             |     1 |       |       ||     1
         Headbutt          |       |    21 |    10 ||    31
         Kick              |       |    14 |    18 ||    32
Ability: Lunge             |       |     4 |     4 ||     8
         Whirlwind         |       |       |     1 ||     1
  Evoke: Wand              |       |       |     3 ||     3
    Use: Scroll            |       |     7 |       ||     7
         Potion            |       |     2 |     2 ||     4
   Stab: Sleeping          |       |     2 |       ||     2
         Distracted        |       |       |     1 ||     1
 Armour: Robe              |    48 |     5 |       ||    53
         Animal skin       |       |    32 |    25 ||    57
  Dodge: Dodged            |    48 |    55 |    21 ||   124
  Block: Kite shield       |       |    61 |    64 ||   125

Table legend: (Time is in decaauts)
 A = Elapsed time spent in this place.
 B = Non-inter-level travel time spent in this place.
 C = Inter-level travel time spent in this place.
 D = Time resting spent in this place.
 E = Time spent auto-exploring this place.
 F = Levels seen in this place.
 G = Mean time per level.
                   A        B        C        D        E       F      G
               +--------+--------+--------+--------+--------+-----+--------+
         Total |   3480 |   3321 |    159 |    132 |   2209 |   6 |  580.0 |
       Dungeon |   3410 |   3275 |    135 |    132 |   2209 |   5 |  682.0 |
        Temple |     69 |     45 |     24 |      0 |      0 |   1 |   69.0 |
               +--------+--------+--------+--------+--------+-----+--------+

Top non-repeatable levels by time:
     D:4: 992 daAuts
     D:1: 849 daAuts
     D:2: 636 daAuts
     D:3: 546 daAuts
     D:5: 386 daAuts
  Temple: 69 daAuts
